 Dungeon Crawl Stone Soup version 0.13.0-9-gbc74161 (webtiles) character file.

160 Lilouch the Cudgeler (level 4, -1/36 HPs)
             Began as a Demonspawn Fighter on Oct 17, 2013.
             Was an Initiate of Okawaru.
             Slain by obsidien's ghost (4 damage)
             ... on Level 3 of the Dungeon.
             The game lasted 00:11:51 (1663 turns).

Lilouch the Cudgeler (Demonspawn Fighter)           Turns: 1663, Time: 00:11:52

HP  -1/36        AC  9     Str 16      XL: 4   Next: 46%
MP   3/3         EV  6     Int  9      God: Okawaru [......]
Gold 60          SH 18     Dex 17      Spells:  0 memorised,  3 levels left

Res.Fire  : . . .   See Invis. : .   a - +0 mace
Res.Cold  : . . .   Warding    : .   b - +0 scale mail
Life Prot.: . . .   Conserve   : .   c - +0 shield
Res.Poison: .       Res.Corr.  : .   (helmet restricted)
Res.Elec. : .       Clarity    : .   (no cloak)
Sust.Abil.: . .     Spirit.Shd : .   t - +0 pair of gauntlets
Res.Mut.  : .       Stasis     : .   g - +0 pair of elf boots
Res.Rott. : .       Flight     : .   (no amulet)
Saprovore : . . .                    (no ring)
                                     (no ring)

@: slightly resistant to hostile enchantments, unstealthy
A: horns 1, Str -1, Dex +4
a: Renounce Religion


You were on level 3 of the Dungeon.
You worshipped Okawaru.
Okawaru was noncommittal.
You were not hungry.

You visited 1 branch of the dungeon, and saw 3 of its levels.

You collected 40 gold pieces.

Inventory:

Hand weapons
 a - a +0,+0 mace (weapon)
 e - a +1,+2 elven short sword of flaming
Missiles
 s - 10 poisoned needles
Armour
 b - a +0 scale mail (worn)
 c - a +0 shield (worn)
 g - a +0 pair of elven boots (worn)
 t - a +0 pair of gauntlets (worn)
 y - a +0 helmet
Magical devices
 q - a wand of slowing (17) {unknown}
Comestibles
 d - 2 bread rations
 w - a lychee
Scrolls
 f - 3 scrolls of remove curse {unknown}
 h - 2 scrolls of enchant armour {unknown}
 i - a scroll of curse weapon {unknown}
 j - a scroll of random uselessness {unknown}
 k - a scroll of fear {unknown}
 o - a scroll of amnesia {unknown}
 p - a scroll of curse jewellery {unknown}
 x - a scroll of teleportation {unknown}
Jewellery
 m - an uncursed ring of sustenance {unknown}
 r - a +1 ring of dexterity {unknown}
Potions
 l - 3 potions of curing {unknown}
 n - 3 potions of confusion {unknown}
 u - a potion of paralysis {unknown}
 v - a potion of heal wounds {unknown}
 z - 2 potions of agility {unknown}


   Skills:
 - Level 3.0 Fighting
 * Level 3.9 Maces & Flails
 + Level 3.3 Armour
 - Level 2.6 Shields


You had 3 spell levels left.
You didn't know any spells.

Dungeon Overview and Level Annotations

Branches:
Dungeon (3/27)

Altars:
Elyvilon
Fedhas
Okawaru
Sif Muna
Zin

Annotations:
D:3 obsidien's ghost, average DsNe


Innate Abilities, Weirdness & Mutations

You have a pair of small horns on your head.
You have a moderately thin skeletal structure (Dex +4, Str -1, Stlth).


Message History

Obsidien's ghost is almost destroyed.
You block obsidien's ghost's attack.
You closely miss obsidien's ghost.
Obsidien's ghost is severely damaged.
You block obsidien's ghost's attack.
You barely miss obsidien's ghost. Your headbutt misses obsidien's ghost.
Obsidien's ghost is severely damaged.
Obsidien's ghost hits you but does no damage.
Your shield prevents you from hitting obsidien's ghost.
Obsidien's ghost is severely damaged.
Obsidien's ghost hits you but does no damage.
You closely miss obsidien's ghost.
Obsidien's ghost is severely damaged.
Obsidien's ghost casts a spell at you. Pain shoots through your body!
* * * LOW HITPOINT WARNING * * *
You hit obsidien's ghost.
Obsidien's ghost is almost destroyed.
Obsidien's ghost hits you.
You die...

#.############.#
#)####### #.####
#.......######.....
#######..##..........####
#.....(#..#.#....>.......
#.#####.#.#.########.####
#.# ##....# #.# # #.#
###....## #.# # #.#
#..@....# #.#
#.......p....# #..
#..###.......# ### #..
###...### #.. #...# ##.##
.# .# .


You could see obsidien's ghost.

Vanquished Creatures
  2 adders (D:2)
  5 worms
  3 giant geckos
  8 bats
  2 giant cockroaches
  7 goblins
  5 hobgoblins
  A jackal (D:2)
  8 kobolds
  A quokka (D:2)
  2 giant newts
  2 rats
46 creatures vanquished.

Notes
Turn   | Place    | Note
--------------------------------------------------------------
     0 | D:1      | Lilouch, the Demonspawn Fighter, began the quest for the Orb.
     0 | D:1      | Reached XP level 1. HP: 18/18 MP: 0/0
   117 | D:1      | Gained mutation: You have a somewhat thin skeletal structure (Dex +2, Stlth). [demonic ancestry]
   117 | D:1      | Reached XP level 2. HP: 22/24 MP: 1/1
   194 | D:1      | Found an iron altar of Okawaru.
   203 | D:1      | Became a worshipper of Warmaster Okawaru
   667 | D:2      | Found a glowing silver altar of Zin.
   676 | D:2      | Found a deep blue altar of Sif Muna.
   684 | D:2      | Found a white marble altar of Elyvilon.
   804 | D:2      | Gained mutation: You have a pair of small horns on your head. [demonic ancestry]
   804 | D:2      | Reached XP level 3. HP: 8/30 MP: 2/2
  1322 | D:2      | Gained mutation: You have a moderately thin skeletal structure (Dex +4, Str -1, Stlth). [demonic ancestry]
  1322 | D:2      | Reached XP level 4. HP: 30/36 MP: 3/3
  1515 | D:3      | Found a blossoming altar of Fedhas.
  1614 | D:3      | Noticed obsidien's ghost (average DsNe)
  1663 | D:3      | Slain by obsidien's ghost

Action                   |  1- 3 |  4- 6 || total
-------------------------+-------+-------++-------
Melee: Short sword       |    37 |       ||    37
       Mace              |   120 |    53 ||   173
 Stab: Sleeping          |       |     1 ||     1
